 Dungeon Crawl Stone Soup version 0.31-a0-851-g7ff8af7976 (console) character file.

Game seed: 1300615122535816007

75636 jejorda2 the Cleaver (level 15, -9/180 HPs)
             Began as a Gnoll Berserker on Oct 4, 2023.
             Was an Elder of Trog.
             Succumbed to a death drake's dark miasma
             ... on level 14 of the Dungeon on Oct 5, 2023.
             The game lasted 01:08:11 (24293 turns).

jejorda2 the Cleaver (Gnoll Berserker)             Turns: 24293, Time: 01:08:13

Health: -9/180     AC: 31    Str: 23    XL:     15   Next: 50%
Magic:  29/29      EV: 11    Int:  6    God:    Trog [****..]
Gold:   498        SH:  0    Dex: 13    Spells: 34/34 levels left

rFire   . . .        b - +6 dire flail (freeze)
rCold   + . .        (shield currently unavailable)
rNeg    . . .        k - +0 plate armour
rPois   .            u - +2 helmet {SInv}
rElec   .            d - +2 cloak
rCorr   .            I - +2 pair of gloves
SInv    +            D - +0 pair of boots {Stlth+}
Will    +....        z - dreamdust necklace {Acrobat} Stlth
                     f - +4 ring of protection
HPRegen 0.50/turn    R - ring of protection from cold
MPRegen 0.21/turn

%: acrobat
@: berserking (expiring), lethally poisoned (-9 -> -113), slowed
A: fangs 1, strong nose, distributed training
a: Renounce Religion, Berserk, Trog's Hand, Brothers in Arms


You were on level 14 of the Dungeon.
You worshipped Trog.
Trog was greatly pleased with you.
You visited 2 branches of the dungeon, and saw 19 of its levels.
You also visited: Ice Cave.

You collected 1488 gold pieces.
You spent 990 gold pieces at shops.

Inventory:

Hand Weapons
 a - a +0 war axe of flaming
 b - a +6 dire flail of freezing (weapon)
Missiles
 j - 6 boomerangs
 o - 4 throwing nets
 w - 19 poisoned darts (quivered)
 H - 4 javelins
 L - 2 darts of dispersal
 S - 4 atropa-tipped darts
 T - 5 curare-tipped darts
Armour
 d - a +2 cloak (worn)
 k - a +0 plate armour (worn)
 p - a +1 buckler of cold resistance
 u - a +2 helmet of see invisible (worn)
 D - a +0 pair of boots of stealth (worn)
 I - a +2 pair of gloves (worn)
Jewellery
 f - a +4 ring of protection (left hand)
 q - the ring "Jaohuan" {rN+ rCorr}
   (You took it off a centaur warrior on level 14 of the Dungeon)

   [ring of resist corrosion]

   rN+:       It protects you from negative energy.
   rCorr:     It protects you from acid and corrosion.
 z - the dreamdust necklace (around neck) {Acrobat}
   (You acquired it on level 3 of the Lair of Beasts)

   [amulet of the acrobat]

   Acrobat:   It increases your evasion while moving and waiting.
 C - a +4 ring of protection
 E - a ring of flight
 P - the ring of the Barnacle {Wiz rPois rCorr Str-2}
   (You bought it in a shop on level 3 of the Dungeon)

   [ring of wizardry]

   Wiz:       It improves your spell success rate.
   Str-2:     It affects your strength (-2).
   rPois:     It protects you from poison rCorr: It protects you from acid and
   corrosion.
 R - a ring of protection from cold (right hand)
Wands
 g - a wand of iceblast (7)
 v - a wand of flame (30)
 G - a wand of mindburst (7)
 M - a wand of digging (2)
Scrolls
 e - 4 scrolls of teleportation
 l - 4 scrolls of revelation
 r - 2 scrolls of fog
 x - a scroll of fear
 F - a scroll of poison
 K - a scroll of identify
Potions
 c - a potion of mutation
 h - 3 potions of cancellation
 i - 2 potions of resistance
 m - a potion of invisibility
 n - 3 potions of haste
 s - a potion of lignification
 t - 7 potions of curing
 A - 2 potions of might
 B - a potion of enlightenment
 Q - 2 potions of attraction
Miscellaneous
 y - a lightning rod (4/4)
 N - a phial of floods
 O - a condenser vane


   Skills:
 + Level 12.1 Fighting
 + Level 10.3 Short Blades
 + Level 10.3 Long Blades
 + Level 12.1 Axes
 + Level 10.3 Maces & Flails
 + Level 10.3 Polearms
 + Level 10.3 Staves
 + Level 10.3 Ranged Weapons
 + Level 10.3 Throwing
 + Level 11.3 Armour
 + Level 11.3 Dodging
 + Level 10.3 Stealth
 + Level 10.3 Shields
 + Level 10.3 Unarmed Combat
 + Level 10.3 Spellcasting
 + Level 8.6 Conjurations
 + Level 8.6 Hexes
 + Level 8.6 Summonings
 + Level 8.6 Necromancy
 + Level 8.6 Translocations
 + Level 8.6 Transmutations
 + Level 8.6 Fire Magic
 + Level 8.6 Ice Magic
 + Level 8.6 Air Magic
 + Level 8.6 Earth Magic
 + Level 8.6 Poison Magic
 + Level 11.2 Invocations
 + Level 10.3 Evocations
 + Level 9.5 Shapeshifting


You had 34 spell levels left.
You didn't know any spells.
Your spell library was empty.

Dungeon Overview and Level Annotations

Branches:
Dungeon (14/15)            Temple (0/1) D:4            Lair (5/5) D:11
 Shoals (0/4) Lair:2       Spider (0/4) Lair:2        Slime (0/5) Lair:5
    Orc (0/2) D:10         Vaults (0/5) D:14          IceCv (visited)

Altars:
Ashenzari
Dithmenos
Elyvilon
Fedhas
Makhleb
Sif Muna
Uskayaw
Vehumet
Jiyva

Shops:
D:2 [   D:3 =   D:10 ?(!(   D:11 ?=*[

Portals:
Hell: Lair:5

Annotations:
D:9 4 transporters
Lair:5 2 runed translucent doors, Kurtz's ghost, journeyman OpFi


Innate Abilities, Weirdness & Mutations

You have very sharp teeth.
Your uncanny sense of smell can sniff out nearby items.
Your experience applies equally to all skills.


Message History

The skeletal warrior barely misses you.
You hit the skeletal warrior but do no damage.
The skeletal warrior is almost destroyed.
You feel extremely sick.
The skeletal warrior hits you but does no damage.
You hit the skeletal warrior.
You destroy the skeletal warrior!
Trog accepts your kill.
You feel extremely sick. The death drake breathes miasma at you.
The foul vapour misses you.
Unknown command.
You are engulfed in dark miasma.
You are more poisoned.
* * * LOW HITPOINT WARNING * * *
You feel extremely sick. The death drake closely misses you.
Items here: ( )) = [[.
You thump the death drake!
The death drake seems to slow down.
You freeze the death drake. You bite the death drake!
The death drake is moderately wounded.
You are engulfed in dark miasma.
You are more poisoned.
* * * LOW HITPOINT WARNING * * *
x2 You feel extremely sick.
The death drake barely misses you.
You thump the death drake! You freeze the death drake.
The death drake is heavily wounded.
You are engulfed in dark miasma.
You are more poisoned.
* * * LOW HITPOINT WARNING * * *
You feel extremely sick.
The death drake bites you but does no damage.
You barely miss the death drake.
The death drake is moderately wounded.
You are engulfed in dark miasma.
You are more poisoned.
You feel as though you will be slow longer.
* * * LOW HITPOINT WARNING * * *
You die...

N.[|)............#...
....○..........#... .g#°.....?..#
#.#z.9....## .. ###g#°....##. .
####○##(###.###.. .# . ##..#○#.##
...#.#>. #. #.##.##=# ∆ !...#.# .
##.#○#@k## ###.#.# #. #.##○#### #
#...# #.###.### ###.###..#
...##.### #........#
#######..##..## #..##.#.#.#
?.........###.###..# #.....# #
........#.........# #####.####
#.###....)########### #....#
#.###.....#####################.#


You could see a death drake (slow).

Vanquished Creatures
  Rupert (D:12)
  2 quicksilver oozes (IceCv)
  A dire elephant (Lair:5)
  4 vault guards (D:14)
  5 hydras
  A hell beast (Lair:5)
  6 centaur warriors
  4 boulder beetles
  2 two-headed ogres
  3 death yaks (Lair:3)
  Urug (D:12)
  The ghost of IdlyInterested the Jinx, a novice DsGl of Dithmenos (D:9)
  Sonja (D:13)
  A skyshark (Lair:4)
  Amaemon (D:8)
  A deep elf knight (D:14)
  A skeletal warrior (D:14)
  A death drake (shapeshifter) (D:14)
  A deep elf archer (D:14)
  A wizard (Lair:5)
  An orc knight (D:14)
  A necromancer (D:14)
  An orc sorcerer (D:14)
  A deep elf pyromancer (D:14)
  11 elephants
  3 cyclopes
  3 merfolk sirens (Lair:2)
  A manticore (D:14)
  3 black mambas
  An ice statue (IceCv)
  A guardian serpent (shapeshifter) (D:14)
  12 cane toads
  2 orange demons
  2 gargoyles
  An unseen horror (D:13)
  5 rime drakes
  Jeremiah (D:8)
  A kobold demonologist (D:12)
  3 tengu conjurers (D:14)
  A freezing wraith (D:14)
  11 komodo dragons
  A yaktaur (D:14)
  An ice devil (Lair:5)
  A merfolk (Lair:2)
  2 trolls
  A hellwing (Lair:5)
  2 red devils (Lair:5)
  Prince Ribbit (Lair:3)
  14 blink frogs
  17 dream sheep
  36 slime creatures
  Sigmund (D:6)
  A vampire (D:14)
  49 yaks
  4 wraiths
  2 shadows (D:11)
  5 wyverns
  6 basilisks
  2 redbacks (Lair:2)
  A steam dragon (D:7)
  An acid dragon (D:11)
  Edmund (D:6)
  12 water moccasins
  5 hell hounds (Lair:5)
  5 black bears
  An ogre (D:5)
  7 orc warriors
  A great orb of eyes simulacrum (IceCv)
  4 boggarts (D:14)
  2 centaurs
  5 slime creature simulacra (IceCv)
  11 bullfrogs
  2 gnoll sergeants
  2 scorpions
  2 glowing shapeshifter simulacra (IceCv)
  13 wights
  12 killer bees
  3 howler monkeys (D:12)
  3 electric eels
  4 hounds
  A jelly (D:8)
  11 orc priests
  3 iron imps (D:8)
  A sleepcap (D:4)
  2 iguanas (D:4)
  13 orc wizards
  2 shapeshifter simulacra (IceCv)
  12 gnolls
  6 adders
  2 white imps (D:8)
  3 worms
  3 dart slugs
  46 orcs
  3 ball pythons
  6 bats
  7 endoplasms
  3 giant cockroaches
  7 goblins
  5 hobgoblins
  9 jackals
  9 kobolds
  2 quokkas (D:2)
  3 frilled lizards
  A rat (D:3)
508 creatures vanquished.

Vanquished Creatures (collateral kills)
  An azure jelly (IceCv)
  A troll (D:12)
  A shadow (D:12)
3 creatures vanquished.

Vanquished Creatures (others)
  A shadow imp (D:7)
1 creature vanquished.

Grand Total: 512 creatures vanquished

Notes
Turn   | Place    | Note
-------+----------+-------------------------------------------
     0 | D:1      | jejorda2 the Gnoll Berserker began the quest for the Orb.
     0 | D:1      | Reached XP level 1. HP: 23/23 MP: 1/1
   125 | D:1      | Reached XP level 2. HP: 22/29 MP: 2/2
   590 | D:1      | Reached XP level 3. HP: 35/35 MP: 3/3
  1209 | D:2      | You fall into a shaft and drop 2 floors!
  1228 | D:4      | Found a staircase to the Ecumenical Temple.
  1240 | D:4      | Reached skill level 1 in Short Blades
  1240 | D:4      | Reached skill level 1 in Long Blades
  1240 | D:4      | Reached skill level 1 in Maces & Flails
  1240 | D:4      | Reached skill level 1 in Polearms
  1240 | D:4      | Reached skill level 1 in Staves
  1240 | D:4      | Reached skill level 1 in Ranged Weapons
  1240 | D:4      | Reached skill level 1 in Throwing
  1240 | D:4      | Reached skill level 1 in Stealth
  1240 | D:4      | Reached skill level 1 in Shields
  1240 | D:4      | Reached skill level 1 in Unarmed Combat
  1240 | D:4      | Reached skill level 1 in Spellcasting
  1240 | D:4      | Reached skill level 1 in Invocations
  1240 | D:4      | Reached skill level 1 in Evocations
  1240 | D:4      | Reached XP level 4. HP: 28/41 MP: 5/5
  1243 | D:4      | Reached skill level 1 in Shapeshifting
  1506 | D:2      | Reached ** piety under Trog
  1619 | D:2      | Found Luog's Armour Boutique.
  1628 | D:2      | Reached skill level 1 in Conjurations
  1628 | D:2      | Reached skill level 1 in Hexes
  1628 | D:2      | Reached skill level 1 in Summonings
  1628 | D:2      | Reached skill level 1 in Necromancy
  1628 | D:2      | Reached skill level 1 in Translocations
  1628 | D:2      | Reached skill level 1 in Transmutations
  1628 | D:2      | Reached skill level 1 in Fire Magic
  1628 | D:2      | Reached skill level 1 in Ice Magic
  1628 | D:2      | Reached skill level 1 in Air Magic
  1628 | D:2      | Reached skill level 1 in Earth Magic
  1628 | D:2      | Reached skill level 1 in Poison Magic
  1770 | D:2      | Found a radiant altar of Vehumet.
  2128 | D:2      | Reached XP level 5. HP: 43/47 MP: 5/7
  2733 | D:3      | Found Vacaagae's Jewellery Boutique.
  3167 | D:3      | Found a hide-covered altar of Uskayaw.
  3347 | D:4      | Reached XP level 6. HP: 53/53 MP: 8/8
  3583 | D:4      | Noticed a black bear
  3598 | D:4      | Killed a black bear
  3599 | D:4      | Reached skill level 5 in Armour
  3599 | D:4      | Reached skill level 5 in Dodging
  3945 | D:4      | Found a white marble altar of Elyvilon.
  4296 | D:5      | Entered Level 5 of the Dungeon
  4305 | D:5      | Reached XP level 7. HP: 59/59 MP: 10/10
  4385 | D:5      | Noticed a troll
  4385 | D:5      | Noticed a steam dragon
  4750 | D:5      | Noticed a two-headed ogre
  4762 | D:5      | Killed a two-headed ogre
  4763 | D:5      | Reached XP level 8. HP: 25/67 MP: 10/12
  5521 | D:6      | Noticed Edmund
  5530 | D:6      | Killed Edmund
  5582 | D:6      | Noticed Sigmund
  5589 | D:6      | Killed Sigmund
  5889 | D:6      | Reached XP level 9. HP: 73/73 MP: 14/14
  6034 | D:6      | Found a blossoming altar of Fedhas.
  6989 | D:7      | Reached skill level 5 in Invocations
  7154 | D:7      | Identified the +1 robe "Ajerch" {Stlth+}
  7555 | D:8      | Noticed Amaemon
  7556 | D:8      | Noticed an orange demon
  7582 | D:8      | HP: 3/74 [poisoned by a gnoll sergeant]
  7839 | D:8      | Reached XP level 10. HP: 80/80 MP: 17/17
  7840 | D:8      | Reached *** piety under Trog
  7973 | D:8      | Reached skill level 5 in Short Blades
  7973 | D:8      | Reached skill level 5 in Long Blades
  7973 | D:8      | Reached skill level 5 in Maces & Flails
  7973 | D:8      | Reached skill level 5 in Polearms
  7973 | D:8      | Reached skill level 5 in Staves
  7973 | D:8      | Reached skill level 5 in Ranged Weapons
  7973 | D:8      | Reached skill level 5 in Throwing
  7973 | D:8      | Reached skill level 5 in Stealth
  7973 | D:8      | Reached skill level 5 in Shields
  7973 | D:8      | Reached skill level 5 in Unarmed Combat
  7973 | D:8      | Reached skill level 5 in Spellcasting
  7973 | D:8      | Reached skill level 5 in Evocations
  8017 | D:8      | Killed an orange demon
  8121 | D:8      | Killed Amaemon
  8263 | D:8      | Found a shimmering blue altar of Sif Muna.
  8497 | D:8      | Found a burning altar of Makhleb.
  8560 | D:8      | Noticed Jeremiah
  8570 | D:8      | Killed Jeremiah
  8571 | D:8      | Reached skill level 5 in Shapeshifting
  8929 | D:9      | Found a runed translucent door.
  8934 | D:9      | Noticed IdlyInterested's ghost (novice DsGl)
  8953 | D:9      | Killed IdlyInterested's ghost
  8989 | D:9      | Found a broken altar of Ashenzari.
  9249 | D:9      | Found a transporter.
  9258 | D:9      | Found a transporter.
  9275 | D:9      | Found a transporter.
  9332 | D:9      | Found a transporter.
  9453 | D:10     | Entered Level 10 of the Dungeon
  9458 | D:10     | Found Veoq's Antique Weapon Emporium.
  9460 | D:10     | Found Zeupyfok's Antique Weapon Emporium.
  9463 | D:10     | Found Uche's Distillery.
  9467 | D:10     | Found Xioxuh's Magic Scroll Emporium.
  9475 | D:10     | Bought a potion of enlightenment for 75 gold pieces
  9475 | D:10     | Bought a potion of resistance for 150 gold pieces
  9517 | D:10     | Reached XP level 11. HP: 56/87 MP: 19/19
  9721 | D:10     | Found a shadowy altar of Dithmenos.
  9809 | D:10     | Reached skill level 5 in Conjurations
  9809 | D:10     | Reached skill level 5 in Hexes
  9809 | D:10     | Reached skill level 5 in Summonings
  9809 | D:10     | Reached skill level 5 in Necromancy
  9809 | D:10     | Reached skill level 5 in Translocations
  9809 | D:10     | Reached skill level 5 in Transmutations
  9809 | D:10     | Reached skill level 5 in Fire Magic
  9809 | D:10     | Reached skill level 5 in Ice Magic
  9809 | D:10     | Reached skill level 5 in Air Magic
  9809 | D:10     | Reached skill level 5 in Earth Magic
  9809 | D:10     | Reached skill level 5 in Poison Magic
  9863 | D:10     | Found a staircase to the Orcish Mines.
 10243 | D:10     | Noticed a two-headed ogre
 10262 | D:10     | Killed a two-headed ogre
 10379 | D:11     | Reached **** piety under Trog
 10457 | D:11     | Noticed a centaur warrior
 10468 | D:11     | Killed a centaur warrior
 10515 | D:11     | Found Erungaer's Magic Scroll Shoppe.
 10519 | D:11     | Bought a scroll of brand weapon for 133 gold pieces
 10679 | D:11     | Found Caid's Jewellery Emporium.
 11055 | D:11     | Found Coufos's Armour Boutique.
 11064 | D:11     | Found Jur Isih's Assorted Antiques.
 11074 | D:11     | Bought a pair of embroidered boots for 150 gold pieces
 11116 | D:11     | Found a staircase to the Lair.
 11434 | D:11     | Bought a scroll labelled NATTIV JYISHY for 20 gold pieces
 11434 | D:11     | Bought a silvery potion for 18 gold pieces
 11434 | D:11     | Bought a silvery potion for 18 gold pieces
 11451 | Lair:1   | Entered Level 1 of the Lair of Beasts
 11699 | Lair:1   | Reached XP level 12. HP: 62/96 MP: 22/22
 12848 | Lair:2   | Found a hole to the Spider Nest.
 13017 | Lair:2   | Found a staircase to the Shoals.
 13039 | Lair:2   | Reached skill level 10 in Fighting
 13039 | Lair:2   | Reached skill level 10 in Axes
 13985 | Lair:3   | Noticed Prince Ribbit
 14000 | Lair:3   | Killed Prince Ribbit
 14348 | Lair:3   | Noticed a death yak
 14348 | Lair:3   | Noticed a death yak
 14351 | Lair:3   | Upgraded the game from 0.31-a0-848-gaac375c287 to
                  | 0.31-a0-851-g7ff8af7976
 14373 | Lair:3   | Killed a death yak
 14381 | Lair:3   | Killed a death yak
 14388 | Lair:3   | Noticed a death yak
 14400 | Lair:3   | Killed a death yak
 14401 | Lair:3   | Reached XP level 13. HP: 62/104 MP: 23/25
 14948 | Lair:3   | Identified a scroll of acquirement
 14948 | Lair:3   | Acquired the dreamshard necklace {Acrobat *Dream}
 14948 | Lair:3   | Found the dreamshard necklace {Acrobat *Dream}
 16187 | Lair:4   | Reached ***** piety under Trog
 16548 | Lair:4   | Reached skill level 10 in Armour
 16548 | Lair:4   | Reached skill level 10 in Dodging
 16801 | Lair:5   | Entered Level 5 of the Lair of Beasts
 16860 | Lair:5   | Found a frozen archway.
 16867 | IceCv    | Entered an ice cave
 17325 | IceCv    | Reached XP level 14. HP: 113/113 MP: 25/27
 17703 | IceCv    | Noticed a quicksilver ooze
 17714 | IceCv    | Killed a quicksilver ooze
 17810 | IceCv    | Reached skill level 10 in Invocations
 17885 | IceCv    | Received a gift from Trog
 17961 | IceCv    | Found a viscous altar of Jiyva.
 17961 | IceCv    | Noticed an azure jelly
 17990 | IceCv    | Killed an azure jelly
 18227 | IceCv    | Noticed a quicksilver ooze
 18232 | IceCv    | Killed a quicksilver ooze
 18282 | IceCv    | Identified the ring of the Coward {rN+ Str+3 Dex+3 Stlth+}
 18285 | IceCv    | Identified the +3 ring mail of the Ward {Fly Will+ Dex+3}
 18532 | Lair:5   | Found a viscous altar of Jiyva.
 18532 | Lair:5   | Found a staircase to the Slime Pits.
 18961 | Lair:5   | Found a large runed translucent door.
 18961 | Lair:5   | Found a large runed translucent door.
 18965 | Lair:5   | Noticed Kurtz's ghost (journeyman OpFi)
 19445 | Lair:5   | Noticed a dire elephant
 19462 | Lair:5   | Killed a dire elephant
 19638 | Lair:5   | Found a burning altar of Makhleb.
 20111 | Lair:5   | Found a gateway to Hell.
 20382 | D:3      | Bought the ring of the Barnacle {Wiz rPois rCorr Str-2} for
                  | 426 gold pieces
 20702 | D:12     | Noticed Urug
 20727 | D:12     | Killed Urug
 20819 | D:12     | Noticed Rupert
 20826 | D:12     | Killed Rupert
 21915 | D:13     | Reached XP level 15. HP: 84/120 MP: 28/28
 22275 | D:13     | Noticed Sonja
 22277 | D:13     | Killed Sonja
 22610 | D:14     | Reached skill level 10 in Short Blades
 22610 | D:14     | Reached skill level 10 in Long Blades
 22610 | D:14     | Reached skill level 10 in Maces & Flails
 22610 | D:14     | Reached skill level 10 in Polearms
 22610 | D:14     | Reached skill level 10 in Staves
 22610 | D:14     | Reached skill level 10 in Ranged Weapons
 22610 | D:14     | Reached skill level 10 in Throwing
 22610 | D:14     | Reached skill level 10 in Stealth
 22610 | D:14     | Reached skill level 10 in Shields
 22610 | D:14     | Reached skill level 10 in Unarmed Combat
 22610 | D:14     | Reached skill level 10 in Spellcasting
 22610 | D:14     | Reached skill level 10 in Evocations
 23762 | D:14     | Identified the +0 ring mail of the Echidna {Rampage Str+5}
 23808 | D:14     | Paralysed by an orc sorcerer for 4 turns
 23941 | D:14     | Found a gate to the Vaults.
 24125 | D:14     | Identified the ring "Jaohuan" {rN+ rCorr}
 24293 | D:14     | HP: 7/180 [death drake (shapeshifter)] (7)]
 24293 | D:14     | Succumbed to a death drake's dark miasma

Illustrated notes

Levels and vault maps discovered:
D:1:      sevenhm_arrival_forest_fort_large_4, layout_loops_ring, serial_bayou,
          serial_bayou_lagoon_a, serial_bayou_pond_b, serial_bayou_shore_a,
          serial_bayou_pond_a
D:2:      layout_basic, basic_altar, serial_shops, shop,
          nicolae_figureground_sparkle
D:3:      layout_basic, mainiacjoe_overflow_alcove_2, serial_shops, shop
D:4:      layout_loops_ring, lemuel_tele_altar, minmay_temple_entry_glass,
          kennysheep_generic_room_16
D:5:      layout_basic, serial_rivers, chequers_serial_rivers_micro_e,
          chequers_serial_rivers_large_b, chequers_serial_rivers_micro_c,
          chequers_serial_rivers_micro_e, lightli_corner_chamber
D:6:      layout_basic, fedhas_altar_2, minivault_27, sigmund_edmund_badplayer
D:7:      layout_cave_pools
D:8:      layout_rooms, mainiacjoe_overflow_small_starburst, demons_altar,
          uniq_jeremiah, uniq_amaemon
D:9:      layout_rooms, nicolae_ashenzari_skybound,
          ebering_ghost_reflecting_pool, hex_large,
          nicolae_transporter_intersection
D:10:     layout_cave_pods, overflow_temple_1_default, orc_0_dummy,
          serial_column_ruins, column_ruins_grid_1,
          column_ruins_corridor_straight, column_ruins_corridor_straight,
          column_ruins_corridor_plus, column_ruins_columns_straight,
          minmay_shop_grid_forest
D:11:     layout_gridville, grunt_lair_entry_orc_guard_hut, serial_shops, shop,
          shop, nicolae_shop_gibbet_a_chance, shop_scrolls, grunt_ministairs_6
D:12:     layout_cave_pools, nicolae_benzene_ring, uniq_rupert, uniq_urug
D:13:     layout_loops_ring, uniq_sonja
D:14:     minmay_the_grid_octo_tiled_squarecenter_mashed
          [minmay_the_grid_octo_fan_narrow, minmay_the_grid_octo_checkerflower,
          minmay_the_grid_octo_clover_2, minmay_the_grid_octo_empty,
          minmay_the_grid_square_5x5_megaprize_open,
          minmay_the_grid_square_5x5_inner_v, minmay_the_grid_square_5x5_seven,
          minmay_the_grid_square_5x5_broken_cross,
          minmay_the_grid_square_5x5_two_small], layout_basic,
          grunt_vaults_entry_fortified, serial_shops,
          nicolae_shop_advertising_works [nicolae_subvault_shop_adworks],
          minmay_misc_feat_plants
Lair:1:   layout_gridlike, st_stairs_6, lemuel_fruit_fields
Lair:2:   layout_cave_pods, elwin_shoals_entry_stream, spider_nest_entry_webs
Lair:3:   layout_regular_city, grunt_megastairs_1, uniq_prince_ribbit2
Lair:4:   layout_regular_city, nicolae_quartered_pool_super
Lair:5:   evil_forest, layout_regular_city, dpeg_slime_entry_enclosed,
          ebering_ghost_disaster_area, portal_ice_cave_entry_pillars_2

Skill      XL: |  1  2  3  4  5  6  7  8  9 10 11 12 13 14 15 |
---------------+----------------------------------------------+-----
Short Blades   | 1 2 3 4 5 6 8 9 10 | 10.3
Long Blades    | 1 2 3 4 5 6 8 9 10 | 10.3
Maces & Flails | 1 2 3 4 5 6 8 9 10 | 10.3
Polearms       | 1 2 3 4 5 6 8 9 10 | 10.3
Staves         | 1 2 3 4 5 6 8 9 10 | 10.3
Ranged Weapons | 1 2 3 4 5 6 8 9 10 | 10.3
Throwing       | 1 2 3 4 5 6 8 9 10 | 10.3
Stealth        | 1 2 3 4 5 6 8 9 10 | 10.3
Shields        | 1 2 3 4 5 6 8 9 10 | 10.3
Unarmed Combat | 1 2 3 4 5 6 8 9 10 | 10.3
Spellcasting   | 1 2 3 4 5 6 8 9 10 | 10.3
Invocations    | 1 2 3 4 5 6 7 8 9 10 11 | 11.2
Evocations     | 1 2 3 4 5 6 8 9 10 | 10.3
Shapeshifting  | 1 2 3 4 5 6 7 8 9 |  9.5
Conjurations   | 1 2 3 4 5 6 7 8 |  8.6
Hexes          | 1 2 3 4 5 6 7 8 |  8.6
Summonings     | 1 2 3 4 5 6 7 8 |  8.6
Necromancy     | 1 2 3 4 5 6 7 8 |  8.6
Translocations | 1 2 3 4 5 6 7 8 |  8.6
Transmutations | 1 2 3 4 5 6 7 8 |  8.6
Fire Magic     | 1 2 3 4 5 6 7 8 |  8.6
Ice Magic      | 1 2 3 4 5 6 7 8 |  8.6
Air Magic      | 1 2 3 4 5 6 7 8 |  8.6
Earth Magic    | 1 2 3 4 5 6 7 8 |  8.6
Poison Magic   | 1 2 3 4 5 6 7 8 |  8.6
Armour         | 5 6 7 8 9 10 11 | 11.3
Dodging        | 5 6 7 8 9 10 11 | 11.3
Fighting       | 7 8 9 10 11 12 | 12.1
Axes           | 7 8 9 10 11 12 | 12.1

Action                     |  1- 3 |  4- 6 |  7- 9 | 10-12 | 13-15 || total
---------------------------+-------+-------+-------+-------+-------++-------
  Melee: Hand axe          |    60 |   203 |    62 |       |       ||   325
         Bite              |     6 |    33 |    22 |    89 |   148 ||   298
         Dire flail        |       |       |   122 |   517 |   616 ||  1255
         War axe           |       |       |    40 |    96 |   287 ||   423
         Punch             |       |       |     2 |     2 |    19 ||    23
  Throw: Dart              |       |       |     9 |    30 |    56 ||    95
         Boomerang         |       |       |       |       |    50 ||    50
 Invoke: Berserk           |     2 |     3 |    10 |     7 |    18 ||    40
         Trog's Hand       |       |       |     3 |     7 |    10 ||    20
         Brothers in Arms  |       |       |       |       |     2 ||     2
Ability: Begin Untransform |       |       |     1 |       |       ||     1
  Evoke: Wand              |       |       |       |     3 |     7 ||    10
         Lightning rod     |       |       |       |       |     6 ||     6
    Use: Scroll            |       |       |    17 |     4 |    18 ||    39
         Potion            |       |       |     4 |       |     4 ||     8
   Stab: Distracted        |       |     1 |       |       |       ||     1
 Armour: Animal skin       |    21 |     5 |       |       |       ||    26
         Ring mail         |       |    56 |       |       |       ||    56
         Scale mail        |       |    24 |    22 |       |       ||    46
         Chain mail        |       |       |   231 |    29 |       ||   260
         Plate armour      |       |       |       |   456 |   884 ||  1340
  Dodge: Dodged            |    38 |    98 |   145 |   201 |   440 ||   922
  Block: Buckler           |     7 |    32 |    10 |     7 |    31 ||    87
         Other             |       |       |       |     6 |     2 ||     8
   Form: Beast             |     1 |       |       |       |       ||     1

Table legend: (Time is in decaauts)
 A = Elapsed time spent in this place.
 B = Non-inter-level travel time spent in this place.
 C = Inter-level travel time spent in this place.
 D = Time resting spent in this place.
 E = Time spent auto-exploring this place.
 F = Levels seen in this place.
 G = Mean time per level.
                   A        B        C        D        E       F      G
               +--------+--------+--------+--------+--------+-----+--------+
         Total |  24546 |  22994 |   1552 |   3919 |  14407 |  20 | 1227.3 |
       Dungeon |  15600 |  14460 |   1140 |   2238 |   9372 |  14 | 1114.3 |
          Lair |   7423 |   7011 |    412 |   1080 |   4593 |   5 | 1484.6 |
      Ice Cave |   1522 |   1522 |      0 |    600 |    442 |   1 | 1522.0 |
               +--------+--------+--------+--------+--------+-----+--------+

Top non-repeatable levels by time:
  Lair:5: 1871 daAuts
    D:14: 1753 daAuts
     D:6: 1598 daAuts
   IceCv: 1522 daAuts
  Lair:4: 1502 daAuts
  Lair:3: 1454 daAuts
  Lair:1: 1349 daAuts
     D:4: 1329 daAuts
     D:1: 1249 daAuts
  Lair:2: 1245 daAuts
     D:2: 1202 daAuts
    D:11: 1159 daAuts
     D:5: 1083 daAuts
    D:10: 989 daAuts
     D:7: 972 daAuts
